 Dungeon Crawl Stone Soup version 0.28-a0-1190-g77e1c55843 (webtiles) character file.

Game seed: 17197857420939497498

3 Gargoyl the Skirmisher (level 1, -15/23 HPs)
             Began as a Gnoll Abyssal Knight on Dec 18, 2021.
             Was a Follower of Lugonu.
             Killed from afar by a wretched star (20 damage)
             ... with a lance of force
             ... on level 2 of the Abyss.
             The game lasted 00:00:15 (125 turns).

Gargoyl the Skirmisher (Gnoll Abyssal Knight)        Turns: 125, Time: 00:00:16

Health: -15/23     AC:  7    Str: 12      XL:     1   Next: 50%
Magic:  3/3        EV:  9    Int:  8 (9)  God:    Lugonu [*.....]
Gold:   58         SH:  0    Dex:  8      Spells: 0/0 levels left

rFire   . . .      SeeInvis .   a - +1 hand axe
rCold   . . .      Faith    .   (no shield)
rNeg    . . .      Spirit   .   c - +0 scale mail
rPois   .          Reflect  .   (no helmet)
rElec   .          Harm     .   (no cloak)
rCorr   .          Rampage  .   (no gloves)
Will    .....                   (no boots)
Stlth   ..........              (no amulet)
HPRegen 0.07/turn               (no ring)
MPRegen 0.08/turn               (no ring)

@: mighty
A: fangs 1, strong nose, distributed training, [clumsy 2], [deterioration 2]
a: Renounce Religion, Depart the Abyss


You were on level 2 of the Abyss.
You worshipped Lugonu.
Lugonu was aware of your devotion.
You visited 0 branches of the dungeon, and saw 0 of its levels.
You visited the Abyss 1 time.

You collected 58 gold pieces.

Inventory:

Hand Weapons
 a - a +1 hand axe (weapon)
Armour
 b - a +0 leather armour
 c - a +0 scale mail (worn)


   Skills:
 + Level 6.4 Fighting
 + Level 0.0 Short Blades
 + Level 0.0 Long Blades
 + Level 4.4 Axes
 + Level 0.0 Maces & Flails
 + Level 0.0 Polearms
 + Level 0.0 Staves
 + Level 0.0 Slings
 + Level 0.0 Bows
 + Level 0.0 Crossbows
 + Level 0.0 Throwing
 + Level 4.4 Armour
 + Level 2.3 Dodging
 + Level 0.0 Stealth
 + Level 0.0 Shields
 + Level 0.0 Unarmed Combat
 + Level 0.0 Spellcasting
 + Level 0.0 Conjurations
 + Level 0.0 Hexes
 + Level 0.0 Summonings
 + Level 0.0 Necromancy
 + Level 0.0 Translocations
 + Level 0.0 Transmutations
 + Level 0.0 Fire Magic
 + Level 0.0 Ice Magic
 + Level 0.0 Air Magic
 + Level 0.0 Earth Magic
 + Level 0.0 Poison Magic
 + Level 4.4 Invocations
 + Level 0.0 Evocations


You couldn't memorise any spells.
You didn't know any spells.
Your spell library was empty.

Dungeon Overview and Level Annotations

Branches:
Dungeon (0/15)

Altars:


Innate Abilities, Weirdness & Mutations

You have very sharp teeth.
Your uncanny sense of smell can sniff out nearby items.
Your experience applies equally to all skills.
[You are very clumsy. (Dex -4)]
[Your body often deteriorates upon taking damage.]


Message History

You continue putting on your +0 scale mail.
The wretched star pulses with an eldritch light!
You feel yourself wasting away.
You feel your body start to fall apart.
You finish putting on your +0 scale mail.
The white imp barely misses you.
Your scale mail prevents you from hitting the white imp.
The white imp gestures at you. The puff of frost misses you.
The wretched star pulses with an eldritch light!
You feel clumsy. x2
The white imp barely misses you.
You closely miss the white imp. The white imp hits you.
The white imp freezes you.
You barely miss the white imp. The white imp gestures at you.
The puff of frost misses you.
The puff of frost hits the wretched star.
The wretched star resists.
You hit the white imp but do no damage. You hit the wretched star.
The white imp gestures at you. The puff of frost hits you.
Your body deteriorates!
You feel dopey.
Unknown command.
Unknown command.
You hit the white imp.
The white imp is heavily wounded.
You hit the wretched star.
The wretched star glows turbulently.
The lance of force hits you!
* * * LOW HITPOINT WARNING * * *
You are knocked back by the lance of force.
You collide with the white imp!
The white imp dies!
Unknown command.
You slash the wretched star!
The wretched star is moderately damaged.
The wretched star glows turbulently.
The lance of force hits you!!
Ouch! That really hurt!
You die...

# .....# #.
##.##.... # ....
..### .#
.#.#.#....#..## #..
..##....#...... . ∆
# ##.#.........#
...##...... ...
#### #......#...#
..# # #....@*..#.#
. .#
#....#..###...#...#
.## #####.#.## .
.## . ###. . .#..#
# .. # #..#... #
.*###.##. # .... #
.##...# .. #.. # #
#. . . .. ....#
...#. .# . .... .
#... .


You could see a wretched star.

Vanquished Creatures (others)
  A white imp (Abyss:2)
1 creature vanquished.

Notes
Turn   | Place    | Note
-------+----------+-------------------------------------------
     0 | Abyss:1  | Gargoyl the Gnoll Abyssal Knight began the quest for the
                  | Orb.
     0 | Abyss:1  | Reached XP level 1. HP: 23/23 MP: 3/3
   115 | Abyss:2  | Noticed a wretched star
   125 | Abyss:2  | Killed from afar by a wretched star

Illustrated notes

Levels and vault maps discovered:
Abyss:2:  base: Temple, serial_sigils_hangedman_shear

Action                   || total
-------------------------++-------
Melee: Hand axe          ||     6
  Use: Potion            ||     1
Armor: Scale mail        ||     1
Dodge: Dodged            ||     4

Table legend: (Time is in decaauts)
 A = Elapsed time spent in this place.
 B = Non-inter-level travel time spent in this place.
 C = Inter-level travel time spent in this place.
 D = Time resting spent in this place.
 E = Time spent auto-exploring this place.
 F = Levels seen in this place.
 G = Mean time per level.
                   A        B        C        D        E       F      G
               +--------+--------+--------+--------+--------+-----+--------+
         Total |    125 |    125 |      0 |      0 |     84 |   2 |   62.5 |
         Abyss |    125 |    125 |      0 |      0 |     84 |   2 |   62.5 |
               +--------+--------+--------+--------+--------+-----+--------+

Top non-repeatable levels by time:
 Abyss:1: 72 daAuts
 Abyss:2: 53 daAuts
